 Dungeon Crawl Stone Soup version 0.29-a0-284-gf9362112df (webtiles) character file.

Game seed: 846347891360831985

2 GigaChad the Ducker (level 1, -1/14 HPs)
             Began as a Tengu Monk on Mar 31, 2022.
             Slain by a goblin
             ... wielding a +0 dagger
              (3 damage)
             ... on level 1 of the Dungeon.
             The game lasted 00:00:14 (46 turns).

GigaChad the Ducker (Tengu Monk)                      Turns: 46, Time: 00:00:15

Health: -1/14      AC:  2    Str: 11    XL:     1   Next: 40%
Magic:  2/2        EV: 13    Int: 10    God:
Gold:   0          SH:  0    Dex: 16    Spells: 0/0 levels left

rFire   . . .      SeeInvis .   a - +0 falchion
rCold   . . .      Faith    .   (no shield)
rNeg    . . .      Spirit   .   b - +0 robe
rPois   .          Reflect  .   (helmet restricted)
rElec   .          Harm     .   (no cloak)
rCorr   .          Rampage  .   (no gloves)
Will    .....                   (boots unavailable)
Stlth   ++........              (no amulet)
HPRegen 0.04/turn               (no ring)
MPRegen 0.08/turn               (no ring)

@: no status effects
A: beak, talons 3
a: no special abilities


You were on level 1 of the Dungeon.
You visited 1 branch of the dungeon, and saw 1 of its levels.

Inventory:

Hand Weapons
 a - a +0 falchion (weapon)
Armour
 b - a +0 robe (worn)
 e - a +0 ring mail
Scrolls
 d - a scroll of summoning {unknown}
Potions
 c - a potion of ambrosia


   Skills:
 + Level 3.1 Fighting
 + Level 3.3 Long Blades
 + Level 3.3 Dodging
 + Level 2.0 Stealth


You couldn't memorise any spells.
You didn't know any spells.
Your spell library was empty.

Dungeon Overview and Level Annotations

Branches:
Dungeon (1/15)

Altars:


Innate Abilities, Weirdness & Mutations

You have a beak for a mouth.
You have claws for feet.


Message History

You barely miss the quokka.
The quokka is severely wounded.
The quokka completely misses you. The frilled lizard closely misses you.
The quokka bites you.
You hit the quokka.
The quokka is almost dead.
The frilled lizard bites you. The quokka bites you.
You barely miss the quokka.
The quokka is almost dead.
The quokka misses you. The frilled lizard bites you.
The quokka completely misses you.
You hit the quokka.
You kill the quokka!
The frilled lizard bites you.
The frilled lizard bites you but does no damage.
You see here a quokka corpse.
You completely miss the frilled lizard.
The ball python hisses angrily.
You peck the frilled lizard.
You kill the frilled lizard!
The ball python barely misses you. x2
Things that are here:
a frilled lizard corpse; a quokka corpse The ball python closely misses you.
The ball python grabs you. The ball python constricts you.
* * * LOW HITPOINT WARNING * * *
The ball python's grasp on you weakens, but your attempt to escape fails.
The ball python bites you.
* * * LOW HITPOINT WARNING * * *
The ball python constricts you.
You hit the ball python. Your peck misses the ball python.
The ball python is severely wounded.
The ball python barely misses you. The ball python constricts you.
You hit the ball python.
You kill the ball python!
You see here a ball python corpse.
Found a faded altar of an unknown god.
A goblin comes into view. It is wielding a +0 dagger.
The goblin hits you with a +0 dagger.
You die...

## .#...#.. . ##.
.....#.. .. .
.####.. #......#..#.
. .......
#...#...#.#.#.
....._⌠
##....##..#.#.#
......##
.......##.#...
#..g###........#....
#.@.##..######...<.
##............#....
##.........##.#...
##.#....##..#.#.#
#..#..†#...#.#.#.
##.....†..#..#.#.
#.......#..#..#.
#......#...#..#.
#..>......#...#


You could see a goblin.

Vanquished Creatures
  A quokka (D:1)
  A ball python (D:1)
  A frilled lizard (D:1)
3 creatures vanquished.

Notes
Turn   | Place    | Note
-------+----------+-------------------------------------------
     0 | D:1      | GigaChad the Tengu Monk began the quest for the Orb.
     0 | D:1      | Reached XP level 1. HP: 14/14 MP: 2/2
    40 | D:1      | Found a faded altar of an unknown god.
    46 | D:1      | Slain by a goblin

Illustrated notes

Levels and vault maps discovered:
D:1:      minmay_arrival_radiant_lines, layout_basic,
          hellmonk_ecumenical_altar_crossroads, nrook_uturn

Action                   || total
-------------------------++-------
Melee: Falchion          ||     9
       Peck              ||     2
Armor: Robe              ||     1
Dodge: Dodged            ||    12

Table legend: (Time is in decaauts)
 A = Elapsed time spent in this place.
 B = Non-inter-level travel time spent in this place.
 C = Inter-level travel time spent in this place.
 D = Time resting spent in this place.
 E = Time spent auto-exploring this place.
 F = Levels seen in this place.
 G = Mean time per level.
                   A        B        C        D        E       F      G
               +--------+--------+--------+--------+--------+-----+--------+
         Total |     47 |     44 |      3 |      0 |      0 |   1 |   47.0 |
       Dungeon |     47 |     44 |      3 |      0 |      0 |   1 |   47.0 |
               +--------+--------+--------+--------+--------+-----+--------+

Top non-repeatable levels by time:
     D:1: 47 daAuts
